 Dungeon Crawl Stone Soup version 0.32-a0-996-gb3226c233f (webtiles) character file.

Game seed: 3886384339091580123

4214 wilfster70 the Fighter (level 10, -1/80 HPs)
             Began as a Djinni Ice Elementalist on Apr 22, 2024.
             Slain by an orc warrior
             ... wielding a +0 halberd
              (13 damage)
             ... on level 8 of the Dungeon on Apr 23, 2024.
             The game lasted 00:20:24 (7171 turns).

wilfster70 the Fighter (Djinni Ice Elementalist)    Turns: 7171, Time: 00:20:25

Health: -1/80      AC:  4    Str:  7    XL:     10   Next: 54%
Gold:   453        EV: 11    Int: 26    God:
                   SH:  0    Dex: 19

rFire   + + .        a - +6 whip of Zam Pife {heavy, Int+4}
rCold   x . .        (no shield)
rNeg    . . .        b - +0 robe
rPois   ∞            i - +0 helmet
rElec   .            k - +0 cloak
rCorr   .            (no gloves)
SInv    +            (boots unavailable)
Will    +....        (no amulet)
Stlth   ++           h - ring of see invisible
HPRegen 0.33/turn    z - +6 ring of dexterity

%: infuse magic (-2 HP)
@: freezing walls, flying
A: sickness immunity, fire resistance 2, cold vulnerability 1, float, innate
caster, HP casting, extra vitality 1
a: no special abilities


You were on level 8 of the Dungeon.
You visited 1 branch of the dungeon, and saw 9 of its levels.

You collected 481 gold pieces.
You spent 28 gold pieces at shops.

Inventory:

Hand Weapons
 a - the +6 whip of Zam Pife (weapon) {heavy, Int+4}
   (You found it on level 4 of the Dungeon)

   Int+4:     It affects your intelligence (+4).
Missiles
 x - 6 curare-tipped darts
Armour
 b - a +0 robe (worn)
 i - a +0 helmet (worn)
 k - a +0 cloak (worn)
Jewellery
 h - a ring of see invisible (left hand)
 z - a +6 ring of dexterity (right hand)
Wands
 u - a wand of paralysis (6)
 A - a wand of acid (5)
 B - a wand of warping (5)
Scrolls
 c - 2 scrolls of brand weapon {unknown}
 d - 3 scrolls of teleportation
 e - a scroll of revelation {unknown}
 j - a scroll of butterflies {unknown}
 l - a scroll of enchant armour {unknown}
 q - a scroll of fog {unknown}
 r - a scroll of identify
 v - 2 scrolls of immolation
 y - a scroll of silence {unknown}
 C - a scroll of blinking {unknown}
Potions
 f - 3 potions of brilliance
 g - a potion of lignification
 m - 2 potions of mutation
 n - a potion of invisibility
 o - 2 potions of haste
 p - a potion of resistance
 s - a potion of enlightenment
 t - a potion of berserk rage
 w - a potion of ambrosia


   Skills:
 - Level 10.0 Fighting
 - Level 6.0 Maces & Flails
 * Level 4.3 Throwing
 - Level 2.1 Dodging
 - Level 1.5 Stealth
 - Level 5.7 Spellcasting
 - Level 5.7 Conjurations
 - Level 5.7 Hexes
 - Level 5.7 Summonings
 - Level 5.7 Necromancy
 - Level 5.7 Translocations
 - Level 5.7 Fire Magic
 - Level 5.7 Ice Magic
 - Level 5.7 Air Magic
 - Level 5.7 Earth Magic
 - Level 5.7 Alchemy


You knew the following spells:

 Your Spells              Type           Power      Damage    Failure   Level
a - Freeze                Ice            100%       1d10      1%          1
b - Frozen Ramparts       Ice            74%        1d12      1%          3
c - Ozocubu's Armour      Ice            37%        N/A       1%          3
d - Summon Ice Beast      Ice/Summ       37%        N/A       1%          3
e - Magic Dart            Conj           100%       1d8       1%          1
f - Jinxbite              Hex            74%        N/A       1%          2
g - Swiftness             Air            37%        N/A       1%          3
h - Vampiric Draining     Necr           37%        2d8       1%          3
Your spell library was empty.

Dungeon Overview and Level Annotations

Branches:
Dungeon (10/15)              Lair (0/5) D:9
 Temple: D:4-7          Orc: D:9-12

Altars:
Dithmenos
Hepliaklqana
Okawaru
Wu Jian
Yredelemnul

Shops:
D:8 ?

Annotations:
D:8 Jeremiah


Innate Abilities, Weirdness & Mutations

You are immune to sickness and miasma.
You are immune to poison.
Your flesh is very heat resistant. (rF++)
You are vulnerable to cold. (rC-)
You float through the air rather than walking.
You learn spells naturally, not from books.
Your magical power is your life essence.
You have superior vitality. (+4 MHP)


Message History

Casting: Frozen Ramparts (safe; 1% risk of failure)
Press: ? - help, Dir - look around, f - activate The walls around you are covered in ice.
The wall freezes the howler monkey.
The howler monkey barely misses you.
The wall freezes the orc warrior.
The orc warrior closely misses you.
You closely miss the orc warrior.
The orc warrior is heavily wounded.
The wall freezes the howler monkey.
The howler monkey closely misses you.
The wall freezes the orc warrior but does no damage.
The orc warrior hits you with a +0 halberd!
The wall freezes the howler monkey!
The howler monkey hits you.
The wall freezes the orc warrior but does no damage.
The orc warrior hits you with a +0 halberd.
You are too injured to fight recklessly!
You hit the orc warrior.
The orc warrior is heavily wounded.
The wall freezes the howler monkey but does no damage.
The howler monkey hits you.
The wall freezes the orc warrior but does no damage.
The orc warrior hits you with a +0 halberd.
* * * LOW HITPOINT WARNING * * *
You hit the orc warrior but do no damage.
The orc warrior is heavily wounded.
The wall freezes the howler monkey.
The howler monkey closely misses you.
The wall freezes the orc warrior but does no damage.
The orc warrior hits you with a +0 halberd!
* * * LOW HITPOINT WARNING * * *
The wall freezes the howler monkey!
You kill the howler monkey!
Casting: Frozen Ramparts (safe; 1% risk of failure)
Confirm with . or Enter, or press ? or * to list all spells.
Aiming: Freeze (safe; 1% risk of failure)
Press: ? - help, Shift-Dir - straight line, f - orc warrior
Aim: an orc warrior, wielding a +0 halberd and wearing a +0 plate armour (heavily wounded)
You freeze the orc warrior.
The orc warrior is severely wounded.
* * * LOW HITPOINT WARNING * * *
The wall freezes the orc warrior but does no damage.
The orc warrior hits you with a +0 halberd!
You die...

#.#.#. #.#.#.#..... ##...##
##...)..... ######.....##
#.......... ............##
##.......#..
.........hh.^###........#..
.......####............###.
......# ##...........# #.
#....# ###o...........# #.
###....##.@............# #.
###.....##............##.
##..####............... #.
#............... #.
#....#...######. #
....##..#....... ..##
.######


You could see an orc warrior.

Vanquished Creatures
  A two-headed ogre (D:9)
  Pikel (D:6)
  3 vampire mosquitoes (D:6)
  Edmund (D:5)
  Duvessa (D:4)
  3 ice beasts
  4 orc warriors
  2 ogres (D:5)
  3 lemures (D:6)
  2 kobold brigands
  A phantom (D:5)
  3 bullfrogs (D:6)
  6 killer bees
  Dowan (D:4)
  2 howler monkeys (D:8)
  A jelly (D:5)
  5 orc priests
  2 bombardier beetles (D:4)
  Crazy Yiuf (D:2)
  3 hounds
  2 sleepcaps
  6 iguanas
  7 orc wizards
  Robin (D:2)
  5 adders
  A shadow imp (D:8)
  2 ufetubi (D:6)
  2 dart slugs
  A ribbon worm (D:4)
  23 orcs
  7 endoplasms
  3 giant cockroaches
  9 goblins
  12 hobgoblins
  17 jackals
  5 quokkas
  11 ball pythons
  5 bats
  5 frilled lizards
  17 kobolds
  6 rats
193 creatures vanquished.

Vanquished Creatures (others)
  An orc wizard (D:9)
1 creature vanquished.

Grand Total: 194 creatures vanquished

Notes
Turn   | Place    | Note
-------+----------+-------------------------------------------
     0 | D:1      | wilfster70 the Djinni Ice Elementalist began the quest for
                  | the Orb.
     0 | D:1      | wilfster70 set off with the following spells memorised:
                  | Freeze, Frozen Ramparts, Ozocubu's Armour, Summon Ice
                  | Beast.
     0 | D:1      | Reached XP level 1. HP: 15/15 MP: 0/0
    39 | D:1      | Reached XP level 2. HP: 9/21 MP: 0/0
   342 | D:1      | Reached XP level 3. HP: 23/25 MP: 0/0
   342 | D:1      | Learned a level 1 spell: Magic Dart
   839 | D:2      | Upgraded the game from 0.32-a0-995-gb4a59205af to
                  | 0.32-a0-996-gb3226c233f
   848 | D:2      | Reached XP level 4. HP: 18/31 MP: 0/0
  1140 | D:2      | Noticed Robin
  1148 | D:2      | Killed Robin
  1461 | D:2      | Found a runed translucent door.
  1462 | D:2      | Noticed Crazy Yiuf
  1468 | D:2      | Killed Crazy Yiuf
  1469 | D:2      | Reached skill level 5 in Spellcasting
  1469 | D:2      | Reached skill level 5 in Conjurations
  1469 | D:2      | Reached skill level 5 in Hexes
  1469 | D:2      | Reached skill level 5 in Summonings
  1469 | D:2      | Reached skill level 5 in Necromancy
  1469 | D:2      | Reached skill level 5 in Translocations
  1469 | D:2      | Reached skill level 5 in Fire Magic
  1469 | D:2      | Reached skill level 5 in Ice Magic
  1469 | D:2      | Reached skill level 5 in Air Magic
  1469 | D:2      | Reached skill level 5 in Earth Magic
  1469 | D:2      | Reached skill level 5 in Alchemy
  1469 | D:2      | Reached XP level 5. HP: 21/35 MP: 0/0
  1469 | D:2      | Learned a level 2 spell: Jinxbite
  2162 | D:3      | Found a shadowy altar of Dithmenos.
  2520 | D:4      | Identified the +6 whip of Zam Pife {heavy, Int+4}
  2619 | D:4      | Found an ornate altar of the Wu Jian Council.
  2722 | D:4      | Reached XP level 6. HP: 38/40 MP: 0/0
  2844 | D:4      | Reached skill level 1 in Fighting
  2854 | D:4      | Noticed Duvessa
  2863 | D:4      | Noticed Dowan
  2871 | D:4      | Killed Duvessa
  2872 | D:4      | Reached skill level 2 in Fighting
  2875 | D:4      | Killed Dowan
  2876 | D:4      | Reached skill level 3 in Fighting
  2876 | D:4      | Reached XP level 7. HP: 13/50 MP: 0/0
  2876 | D:4      | Learned a level 3 spell: Swiftness
  3065 | D:4      | Reached skill level 4 in Fighting
  3553 | D:4      | Found a hazy altar of Hepliaklqana.
  3553 | D:4      | Found an iron altar of Okawaru.
  3662 | D:5      | Entered Level 5 of the Dungeon
  3786 | D:5      | Noticed Edmund
  3797 | D:5      | Killed Edmund
  3798 | D:5      | Reached skill level 5 in Fighting
  3916 | D:5      | Found a basalt altar of Yredelemnul.
  3930 | D:5      | Reached XP level 8. HP: 47/60 MP: 0/0
  3931 | D:5      | Reached skill level 6 in Fighting
  4172 | D:5      | Reached skill level 7 in Fighting
  4700 | D:6      | Noticed Pikel
  4709 | D:6      | Reached skill level 8 in Fighting
  4715 | D:6      | Killed Pikel
  4716 | D:6      | Reached skill level 9 in Fighting
  4716 | D:6      | Reached XP level 9. HP: 29/73 MP: 0/0
  4716 | D:6      | Learned a level 3 spell: Vampiric Draining
  5070 | D:6      | Reached skill level 10 in Fighting
  5076 | D:6      | Reached skill level 1 in Maces & Flails
  5793 | D:6      | You are sucked into a shaft and drop 3 floors!
  6112 | D:9      | Noticed a two-headed ogre
  6118 | D:9      | Killed a two-headed ogre
  6119 | D:9      | Reached skill level 1 in Throwing
  6119 | D:9      | Reached XP level 10. HP: 78/80 MP: 0/0
  6264 | D:9      | HP: 4/80 [centaur/arrow (9)]
  6269 | D:9      | Found a staircase to the Lair.
  6281 | D:10     | Entered Level 10 of the Dungeon
  6780 | D:8      | Found Eciunkest's Magic Scroll Boutique.
  6787 | D:8      | Bought a scroll of identify for 28 gold pieces
  6929 | D:8      | Noticed Jeremiah
  7171 | D:8      | Slain by an orc warrior

Illustrated notes

Levels and vault maps discovered:
D:1:      dpeg_arrival_ternary, layout_loops_ring, serial_bayou_lagoon_a
D:2:      layout_loops_ring, serial_bayou_pond_b, uniq_robin,
          uniq_crazy_yiuf_cottage
D:3:      layout_loops_cross, mainiacjoe_overflow_paths
D:4:      layout_gridville, amethyst_overflow_temple_binary,
          nicolae_wu_jian_immortal_techniques, chequers_serial_rivers_micro_d,
          uniq_duvessa
D:5:      layout_basic, mainiacjoe_overflow_24_doors, uniq_edmund
D:6:      layout_loops_cross, hangedman_abyss_or_decor_lesser_grid,
          chequers_jeans, hangedman_decor_slide_cut, uniq_pikel
D:8:      cheibrodos_statue_roulette, layout_layer_cave, lemuel_round_altar,
          nicolae_sif_muna_little_library, serial_shops, shop, st_stairs_13,
          uniq_jeremiah
D:9:      layout_basic, erik_lair_island, pf_guarded_unrand_meek
D:10:     layout_roguey, grunt_temple_overflow_growth_and_decay,
          mainiacjoe_overflow_alcove_1, uniq_sonja, uniq_maurice

Skill      XL: |  1  2  3  4  5  6  7  8  9 10 |
---------------+-------------------------------+-----
Spellcasting   | 4 5 |  5.7
Conjurations   | 4 5 |  5.7
Hexes          | 4 5 |  5.7
Summonings     | 4 5 |  5.7
Necromancy     | 4 5 |  5.7
Translocations | 4 5 |  5.7
Fire Magic     | 4 5 |  5.7
Ice Magic      | 4 5 |  5.7
Air Magic      | 4 5 |  5.7
Earth Magic    | 4 5 |  5.7
Alchemy        | 4 5 |  5.7
Fighting       | 3 5 9 10 | 10.0
Maces & Flails | 6 |  6.0
Throwing       | 1 4 |  4.3
Dodging        | |  2.1
Stealth        | |  1.5

Action                     |  1- 3 |  4- 6 |  7- 9 | 10-12 || total
---------------------------+-------+-------+-------+-------++-------
  Melee: Dagger            |    17 |    29 |       |       ||    46
         Whip              |       |    25 |   140 |    60 ||   225
  Throw: Dart              |       |       |     2 |       ||     2
   Cast: Freeze            |    50 |    43 |       |     1 ||    94
         Frozen Ramparts   |       |    10 |    22 |     9 ||    41
         Ozocubu's Armour  |       |       |     7 |     1 ||     8
    Use: Scroll            |       |     1 |     6 |     8 ||    15
         Potion            |       |       |     1 |     1 ||     2
   Stab: Sleeping          |       |     3 |     2 |     1 ||     6
         Distracted        |       |       |       |     1 ||     1
 Armour: Robe              |    27 |    62 |   136 |    62 ||   287
  Dodge: Dodged            |    30 |    46 |   120 |    59 ||   255

Table legend: (Time is in decaauts)
 A = Elapsed time spent in this place.
 B = Non-inter-level travel time spent in this place.
 C = Inter-level travel time spent in this place.
 D = Time resting spent in this place.
 E = Time spent auto-exploring this place.
 F = Levels seen in this place.
 G = Mean time per level.
                   A        B        C        D        E       F      G
               +--------+--------+--------+--------+--------+-----+--------+
         Total |   7280 |   7135 |    145 |   1427 |   3129 |   9 |  808.9 |
       Dungeon |   7280 |   7135 |    145 |   1427 |   3129 |   9 |  808.9 |
               +--------+--------+--------+--------+--------+-----+--------+

Top non-repeatable levels by time:
     D:4: 1185 daAuts
     D:5: 1111 daAuts
     D:6: 1086 daAuts
     D:2: 893 daAuts
     D:1: 888 daAuts
     D:3: 720 daAuts
     D:8: 607 daAuts
     D:9: 554 daAuts
    D:10: 232 daAuts
